 Dungeon Crawl Stone Soup version 0.31-a0-716-gc7603755dd (webtiles) character file.

Game seed: 1738208491571555788

28 Essalna the Conjurer (level 3, 24/24 HPs)
             Began as a Demonspawn Conjurer on Sept 10, 2023.
             Got out of the dungeon alive.
             The game lasted 00:01:17 (878 turns).

Essalna the Conjurer (Demonspawn Conjurer)           Turns: 878, Time: 00:01:18

Health: 24/24      AC:  2    Str: 13    XL:     3   Next: 0%
Magic:  5/7        EV: 14    Int: 21    God:
Gold:   46         SH:  0    Dex: 11    Spells: 6/7 levels left

rFire   . . .        c - +0 hand axe
rCold   . . .        (no shield)
rNeg    . . .        a - +0 robe
rPois   .            (helmet restricted)
rElec   .            (no cloak)
rCorr   .            (no gloves)
SInv    .            (no boots)
Will    .....        (no amulet)
Stlth   ++           e - +6 ring of strength
HPRegen 0.24/turn    (no ring)
MPRegen 0.10/turn

%: no passive effects
@: no status effects
A: antennae 1, repulsion field 1
a: no special abilities


You escaped.
You visited 1 branch of the dungeon, and saw 2 of its levels.

You collected 46 gold pieces.

Inventory:

Hand Weapons
 c - a +0 hand axe (weapon)
Armour
 a - a +0 robe (worn)
Jewellery
 e - a +6 ring of strength (left hand)
Scrolls
 d - a scroll of fog {unknown}
Potions
 b - a potion of magic


   Skills:
 - Level 1.7 Dodging
 - Level 1.7 Stealth
 + Level 2.7 Spellcasting
 + Level 4.5 Conjurations


You had 6 spell levels left.
You knew the following spells:

 Your Spells              Type           Power      Damage    Failure   Level
a - Magic Dart            Conj           84%        1d7       2%          1

Your spell library contained the following spells:

 Spells                   Type           Power      Damage    Failure   Level
 Searing Ray              Conj           42%        2d6       3%          2
 Dazzling Flash           Conj/Hex       24%        N/A       16%         3
 Fulminant Prism          Conj/Hex       6%         3d7       47%         4
 Iskenderun's Mystic Bla  Conj/Tloc      12%        2d5       47%         4


Dungeon Overview and Level Annotations

Branches:
Dungeon (2/15)

Altars:

Shops:
D:2 *


Innate Abilities, Weirdness & Mutations

You have a pair of small antennae on your head.
You are surrounded by a mild repulsion field. (EV +2)


Message History

An adder comes into view.
An adder is nearby!
An adder is nearby!
The magic dart hits the adder.
The adder is lightly wounded.
The adder hisses angrily.
A kobold comes into view. It is wielding a +0 club.
The magic dart hits the adder.
The adder is severely wounded.
The magic dart hits the kobold.
You kill the kobold!
The magic dart hits the adder.
The adder is severely wounded.
The magic dart hits the adder.
The adder is almost dead.
The adder completely misses you.
You are out of magic!
You are out of magic!
You miss the adder.
The adder is almost dead.
The adder barely misses you. The adder closely misses you.
You miss the adder.
The adder is almost dead.
The adder barely misses you.
You hit the adder.
You kill the adder!
You have reached level 3!
Your experience leads to an increase in your attributes!
Your base attributes are Str 7, Int 19, Dex 11.
Increase (S)trength, (I)ntelligence, or (D)exterity?
You feel clever. x2; Your demonic ancestry asserts itself...
A pair of antennae grows on your head!
Unknown command.
There is an entrance to Jeexohac's Assorted Antiques here.
There is a stone staircase leading up here.
You climb upwards.
There is a stone staircase leading down, spattered with blood here.
There is an open door here.
There is a staircase leading out of the dungeon here.
You have escaped!

#.#........##........#..###...
#.#...##...##...##...#..# ####
#.#..####..##..####..#..##
#.#..####..##..####..#...#
##.#...##...##...##...#...#####
#..#..................#........
#.###................##...†#...
#.########..##..######..#......
#..#######..##@.#######........
##.##................##........
#†#..................#........
#.#...##...##...##...#........
#.#..####..##..####..#........
#.#..####..##..####..#........
#.#...##...##...##...#........
#.#........##........#........
#.#'......####......'#>.......


There were no monsters in sight!

Vanquished Creatures
  An adder (D:2)
  A dart slug (D:1)
  2 endoplasms (D:1)
  A giant cockroach (D:1)
  2 goblins (D:2)
  2 ball pythons (D:1)
  3 bats (D:1)
  A frilled lizard (D:1)
  3 kobolds
  2 rats (D:1)
18 creatures vanquished.

Notes
Turn   | Place    | Note
-------+----------+-------------------------------------------
     0 | D:1      | Essalna the Demonspawn Conjurer began the quest for the
                  | Orb.
     0 | D:1      | Reached XP level 1. HP: 13/13 MP: 3/3
   375 | D:1      | Gained mutation: You are surrounded by a mild repulsion
                  | field. (EV +2) [demonic ancestry]
   375 | D:1      | Reached XP level 2. HP: 16/19 MP: 0/5
   811 | D:2      | Found Jeexohac's Assorted Antiques.
   828 | D:2      | Gained mutation: You have a pair of small antennae on your
                  | head. [demonic ancestry]
   828 | D:2      | Reached XP level 3. HP: 24/24 MP: 0/7
   878 | D:$      | Got out of the dungeon alive.

Illustrated notes

Levels and vault maps discovered:
D:1:      minmay_arrival_four_loops, layout_rooms, minmay_misc_feat_cross
D:2:      layout_basic, serial_shops, shop, minmay_snake_closets

Action                     || total
---------------------------++-------
  Melee: Hand axe          ||     6
   Cast: Magic Dart        ||    30
 Armour: Robe              ||     4
  Dodge: Dodged            ||     4

Table legend: (Time is in decaauts)
 A = Elapsed time spent in this place.
 B = Non-inter-level travel time spent in this place.
 C = Inter-level travel time spent in this place.
 D = Time resting spent in this place.
 E = Time spent auto-exploring this place.
 F = Levels seen in this place.
 G = Mean time per level.
                   A        B        C        D        E       F      G
               +--------+--------+--------+--------+--------+-----+--------+
         Total |    879 |    806 |     73 |      0 |    707 |   2 |  439.5 |
       Dungeon |    879 |    806 |     73 |      0 |    707 |   2 |  439.5 |
               +--------+--------+--------+--------+--------+-----+--------+

Top non-repeatable levels by time:
     D:1: 710 daAuts
     D:2: 168 daAuts
